AoeStats
← julian.bollich

Nomad

503225637Analyzed
2v2 RM · 1mo ago on Aug 30, 2026· 78m 3s· 4 players
Game mode
Random Map
Map size
176×176
Population
200
Speed
Normal
Resources
Standard
Victory
Conquest
Starting age
Dark Age
Ending age
Imperial Age
RankedLock teamsTeams togetherTeam positionsShared explorationLock speedFull tech treeHidden civsTurbo modeCheats
Victory
Defeat
🇬🇪 Huns · Georgia
767
+15
🇺🇸 Khmer · United States
752
+31
🇦🇹 Burgundians · Austria
736
-36
🇦🇹 Britons · Austria
736
-36
spike
17:03 Feudal Age
19:04 Double-Bit Axe
20:36 Wheelbarrow
22:24 Gold Mining
22:30 Stone Mining
24:42 Forging
24:49 Scale Mail Armor
25:29 Padded Archer Armor
29:13 Loom
32:50 Castle Age
33:10 Crossbowman
44:13 Imperial Age
49:16 Arbalester
50:33 Pikeman
51:14 Squires
51:58 Leather Archer Armor
51:10 Capped Ram
56:44 Caravan
59:37 Hand Cart
62:45 Onager
66:20 Halberdier
69:23 Iron Casting
flisk
4:12 Wheelbarrow
5:30 Loom
11:17 Horse Collar
12:13 Double-Bit Axe
20:58 Feudal Age
20:04 Gold Mining
21:05 Stone Mining
22:18 Hand Cart
23:21 Heavy Plow
23:37 Bow Saw
26:16 Forging
26:15 Scale Mail Armor
26:22 Scale Barding Armor
26:22 Town Watch
27:33 Gold Shaft Mining
31:50 Castle Age
32:46 Stone Shaft Mining
32:52 Chain Barding Armor
33:08 Cavalier
33:45 Cavalier
34:28 Husbandry
36:55 Two-Man Saw
36:07 Husbandry
36:29 Chain Mail Armor
36:50 Town Patrol
37:33 Crop Rotation
52:59 Caravan
53:30 Coinage
54:38 Light Cavalry
60:24 Imperial Age
62:24 Paladin
62:33 Elite Coustillier
64:50 Plate Barding Armor
julian.bollich
14:27 Feudal Age
16:32 Wheelbarrow
19:27 Double-Bit Axe
24:07 Castle Age
23:12 Gold Mining
25:52 Crossbowman
27:56 Hand Cart
27:39 Horse Collar
29:07 Bow Saw
29:56 Gold Shaft Mining
31:09 Town Watch
31:54 Town Patrol
38:08 Fletching
38:20 Padded Archer Armor
38:50 Bodkin Arrow
42:53 Leather Archer Armor
48:27 Heavy Plow
62:31 Imperial Age
64:54 Stone Mining
67:28 Husbandry
68:29 Stone Shaft Mining
68:28 Bloodlines
71:20 Tusk Swords
72:26 Forging
72:22 Scale Barding Armor
74:36 Elite Battle Elephant
76:22 Iron Casting
78:05 Blast Furnace
ImperataR
19:12 Feudal Age
17:29 Loom
23:08 Double-Bit Axe
26:22 Gold Mining
26:31 Stone Mining
27:57 Wheelbarrow
32:06 Bloodlines
32:27 Horse Collar
35:21 Castle Age
36:33 Hand Cart
36:33 Bow Saw
35:46 Pikeman
35:59 Elite Skirmisher
42:12 Gold Shaft Mining
49:08 Imperial Age
48:48 Ballistics
50:33 Cavalier
52:05 Husbandry
52:16 Bloodlines
52:53 Paladin
54:30 Squires
54:15 Arson
57:56 Scale Barding Armor
57:44 Light Cavalry
62:47 Chain Barding Armor
62:07 Halberdier
67:02 Town Watch
69:49 Plate Barding Armor
70:28 Hussar
70:32 Capped Ram
74:19 Siege Ram
78:59 Chemistry
78:04 Scale Mail Armor
78:06 Heavy Plow
79:12 Two-Man Saw
Connection lost

Rejoining the realm…

Still unreachable

The connection could not be restored.

Session expired

The server has moved on; the page needs a fresh start.